 Dungeon Crawl Stone Soup version 0.18-a0-1784-ga939a68 (webtiles) character file.

10041 Laan the Spear-Bearer (level 11, -2/64 HPs)
             Began as a Gargoyle Fighter on Apr 19, 2016.
             Was an Elder of the Shining One.
             Killed by divine providence
             ... invoked by an orc priest
              (14 damage)
             ... on level 11 of the Dungeon.
             The game lasted 02:31:29 (9676 turns).

Laan the Spear-Bearer (Gargoyle Fighter)            Turns: 9676, Time: 02:31:29

Health: -2/64      AC: 18    Str: 28    XL:     11   Next: 55%
Magic:  20/20      EV:  8    Int:  9    God:    the Shining One [****..]
Gold:   522        SH: 11    Dex:  9    Spells: 0 memorised, 10 levels left

rFire  + . .     SeeInvis .     R - +1 trident (pierce)
rCold  + + .     Gourm    .     d - +0 scale mail {rC+}
rNeg   + + +     Faith    .     c - +0 shield
rPois  ∞         Spirit   .     o - +0 helmet
rElec  +         Dismiss  .     q - +0 cloak
rCorr  +         Reflect  .     (no gloves)
SustAt +         Harm     .     S - +0 pair of boots
MR     .....                    (no amulet)
Stlth  ..........               w - ring of sustain attributes
                                n - ring of magical power

@: mighty, resistant, manticore barbs, glowing, not resistant to hostile
enchantments, extremely unstealthy
A: negative energy resistance 1, electricity resistance, unbreathing,
petrification resistance, rot immunity, AC +7
a: Divine Shield, Cleansing Flame, Renounce Religion


You were on level 11 of the Dungeon.
You worshipped the Shining One.
The Shining One was greatly pleased with you.
You were not hungry.

You visited 2 branches of the dungeon, and saw 12 of its levels.

You collected 522 gold pieces.

Inventory:

Hand Weapons
 R - a +1 trident of piercing (weapon)
Missiles
 H - 6 javelins (quivered)
 X - 8 javelins of returning
Armour
 c - a +0 shield (worn)
 d - a +0 scale mail of cold resistance (worn)
 o - a +0 helmet (worn)
 q - a +0 cloak (worn)
 E - a +0 plate armour
 S - a +0 pair of boots (worn)
 U - a +1 ring mail of magic resistance
Jewellery
 n - a ring of magical power (left hand)
 s - an uncursed amulet of rage
 w - a ring of sustain attributes (right hand)
 J - an uncursed amulet of guardian spirit {unknown}
Wands
 u - a wand of heal wounds (0/9)
 D - a wand of slowing (24/48)
 N - a wand of iceblast (10/15)
 O - a wand of polymorph (20/24)
 Q - a wand of digging (13/24)
 T - a wand of lightning (10/15)
Scrolls
 a - a scroll of recharging {unknown}
 g - 2 scrolls of enchant armour {unknown}
 h - 4 scrolls of magic mapping {unknown}
 j - 12 scrolls of identify {unknown}
 k - a scroll of blinking {unknown}
 l - 2 scrolls of immolation {unknown}
 m - 3 scrolls of fog {unknown}
 t - 6 scrolls of teleportation {unknown}
 v - 2 scrolls of noise {unknown}
 y - 3 scrolls of enchant weapon {unknown}
 B - 3 scrolls of remove curse {unknown}
 G - a scroll of amnesia {unknown}
 I - 2 scrolls of torment {unknown}
 L - a scroll of brand weapon {unknown}
 Z - a scroll of silence {unknown}
Potions
 b - 3 potions of lignification {unknown}
 e - a potion of cancellation
 i - 2 potions of cure mutation {unknown}
 r - a potion of curing {unknown}
 z - a potion of ambrosia {unknown}
 A - 3 potions of degeneration {unknown}
 F - 2 potions of haste {unknown}
 V - 2 potions of mutation {unknown}
Books
 p - a book of Conjurations

   Spells                             Type                      Level
   a - Magic Dart                     Conjuration                  1
   b - Searing Ray                    Conjuration                  2
   c - Dazzling Spray                 Conjuration/Hexes            3
   d - Fulminant Prism                Conjuration/Hexes            4
   e - Iskenderun's Mystic Blast      Conjuration                  4
   f - Iskenderun's Battlesphere      Conjuration/Charms           5
 K - a book of Party Tricks

   Spells                             Type                      Level
   a - Summon Butterflies             Summoning                    1
   b - Apportation                    Translocation                1
   c - Tukima's Dance                 Hexes                        3
   d - Alistair's Intoxication        Transmutation/Poison         5
   e - Invisibility                   Hexes                        6
 W - a book of Power

   Spells                             Type                      Level
   a - Fulminant Prism                Conjuration/Hexes            4
   b - Iskenderun's Mystic Blast      Conjuration                  4
   c - Venom Bolt                     Conjuration/Poison           5
   d - Bolt of Magma                  Conjuration/Fire/Earth       5
   e - Iron Shot                      Conjuration/Earth            6
   f - Orb of Destruction             Conjuration                  7
   g - Spellforged Servitor           Conjuration/Summoning        7
Comestibles
 f - 7 bread rations
 C - 3 meat rations
 P - 5 slices of pizza
 Y - 3 fruits


   Skills:
 + Level 5.8 Fighting
 - Level 14.2 Polearms
 + Level 5.9 Armour
 + Level 5.8 Shields


You had 10 spell levels left.
You didn't know any spells.

Dungeon Overview and Level Annotations

Branches:
Dungeon (11/15)            Temple (1/1) D:6            Lair (0/8) D:11
    Orc: D:9-12

Altars:
Ashenzari
Cheibriados
Dithmenos
Elyvilon
Fedhas
Gozag
Kikubaaqudgha
Makhleb
Nemelex Xobeh
Okawaru
Pakellas
Qazlal
Ru
Sif Muna
Trog
Vehumet
Xom
Yredelemnul
Zin
The Shining One

Annotations:
D:6 exclusion: statue


Innate Abilities, Weirdness & Mutations

You are resistant to torment.
Your stone body is resilient (AC +7).
You are immune to poison.
You resist negative energy.
You are resistant to electric shocks.
You can survive without breathing.
You are immune to petrification.
You are immune to rotting.


Message History

The manticore claws you but does no damage.
You block the manticore's attack.
You impale the manticore!!
The manticore is heavily wounded.
You block the manticore's attack.
The manticore claws you but does no damage.
The manticore barely misses you.
A giant frog comes into view.
The giant frog croaks.
You puncture the manticore!
The manticore is almost dead.
The manticore bites you but does no damage.
The manticore claws you but does no damage.
You block the manticore's attack. You block the orc warrior's attack.
You block the orc's attack.
You impale the manticore!!
You kill the manticore!
The orc priest invokes the aid of Beogh against you.
Beogh smites you!
You die...

#### #......# ##
##......# ####. .......#
###.... #......#
##.#.### #......##
##....### #.##$))....#
#..####.. #.....oo...#
##.......
..Fo.).@...###########..
#.#.........^..)..####..
#.....................
#.......(........#####
#####...##########
=....### ######


You could see an orc warrior, a giant frog, an orc priest and an orc.

Vanquished Creatures
  Erica (D:10)
  The ghost of nago the Grappler, a novice TrAM of Fedhas (D:9)
  A hill giant (D:10)
  Pikel (D:4)
  A manticore (D:11)
  4 trolls
  2 two-headed ogres
  Eustachio (D:6)
  A wyvern (D:8)
  A human (D:8)
  3 yaks (D:10)
  2 hippogriffs
  A water moccasin (D:9)
  Duvessa (D:5)
  2 black bears
  3 slaves (D:4)
  2 sky beasts
  A necrophage (D:9)
  5 ice beasts
  2 ogres
  3 phantoms
  4 centaurs
  A big kobold (D:8)
  3 giant frogs
  A gnoll sergeant (D:9)
  Dowan (D:4)
  A wyvern zombie (D:10)
  3 scorpions
  3 killer bees (D:11)
  8 wights (D:8)
  5 howler monkeys
  6 crimson imps
  A giant frog zombie (D:8)
  A centaur zombie (D:5)
  8 hounds
  A gnoll shaman (D:5)
  7 orc priests
  Crazy Yiuf (D:6)
  3 jellies
  A centaur skeleton (D:4)
  7 orc wizards
  4 giant frog skeletons
  11 worker ants
  4 sheep (D:8)
  A hound skeleton (D:6)
  A howler monkey zombie (D:9)
  Robin (D:2)
  14 adders
  10 gnolls
  A shadow imp (D:8)
  An adder zombie (D:6)
  3 adder skeletons
  A worm (D:5)
  2 dart slugs (D:1)
  5 giant geckos
  26 orcs
  5 ball pythons
  8 bats
  2 giant cockroaches
  16 goblins
  11 hobgoblins
  3 jackals (D:10)
  7 kobolds
  6 quokkas
  A giant gecko skeleton (D:6)
  7 giant newts
  A quokka skeleton (D:5)
  7 rats
  A spectral orc (D:7)
265 creatures vanquished.

Vanquished Creatures (others)
  An orc wizard (D:5)
  An orc (D:4)
2 creatures vanquished.

Grand Total: 267 creatures vanquished

Notes
Turn   | Place    | Note
--------------------------------------------------------------
     0 | D:1      | Laan the Gargoyle Fighter began the quest for the Orb.
     0 | D:1      | Reached XP level 1. HP: 14/14 MP: 1/1
   101 | D:1      | Reached skill level 2 in Polearms
   101 | D:1      | Reached XP level 2. HP: 19/19 MP: 2/2
   556 | D:1      | Reached XP level 3. HP: 23/23 MP: 3/3
   794 | D:2      | Reached skill level 3 in Polearms
   820 | D:2      | Noticed Robin
   839 | D:2      | Killed Robin
   839 | D:2      | Reached XP level 4. HP: 21/28 MP: 4/4
   955 | D:2      | Found a shimmering altar of Xom.
   956 | D:2      | Found a shimmering altar of Xom.
   958 | D:2      | Found a shimmering altar of Xom.
   964 | D:2      | Found a shimmering altar of Xom.
  1050 | D:2      | Reached skill level 4 in Polearms
  1378 | D:3      | Reached XP level 5. HP: 32/32 MP: 5/5
  1404 | D:3      | Found a shadowy altar of Dithmenos.
  2069 | D:4      | Noticed an ogre
  2075 | D:4      | Killed an ogre
  2075 | D:4      | Reached skill level 5 in Polearms
  2075 | D:4      | Reached XP level 6. HP: 12/37 MP: 6/6
  2457 | D:4      | Reached skill level 6 in Polearms
  2752 | D:4      | Reached XP level 7. HP: 22/41 MP: 7/7
  3296 | D:5      | Entered Level 5 of the Dungeon
  3296 | D:5      | Noticed Duvessa
  3296 | D:5      | Noticed Dowan
  3385 | D:4      | Reached skill level 7 in Polearms
  3442 | D:5      | Killed Duvessa
  3590 | D:4      | Killed Dowan
  3762 | D:5      | Noticed Pikel
  4284 | D:4      | HP: 2/41 [Pikel/whip of freezing (1)]
  4289 | D:4      | Killed Pikel
  4289 | D:4      | Reached skill level 9 in Polearms
  4289 | D:4      | Reached XP level 8. HP: 4/46 MP: 8/8
  4638 | D:5      | Found a shattered altar of Ashenzari.
  4655 | D:5      | Found a glowing golden altar of the Shining One.
  4659 | D:5      | Became a worshipper of the Shining One
  4668 | D:5      | Found a bloodstained altar of Trog.
  4929 | D:5      | Found a white marble altar of Elyvilon.
  5154 | D:6      | Reached skill level 10 in Polearms
  5187 | D:6      | Found a burning altar of Makhleb.
  5243 | D:6      | Reached XP level 9. HP: 51/51 MP: 9/9
  5598 | D:6      | Reached * piety under the Shining One
  5598 | D:6      | Reached skill level 11 in Polearms
  5642 | D:6      | Noticed Eustachio
  5660 | D:6      | Killed Eustachio
  5688 | D:6      | Found a radiant altar of Vehumet.
  5805 | D:6      | Noticed Crazy Yiuf
  5819 | D:6      | Killed Crazy Yiuf
  5929 | D:6      | Found a staircase to the Ecumenical Temple.
  5935 | Temple   | Entered the Ecumenical Temple
  6533 | D:7      | Found a basalt altar of Yredelemnul.
  6647 | D:8      | Reached skill level 12 in Polearms
  6673 | D:8      | Reached ** piety under the Shining One
  6737 | D:8      | Reached XP level 10. HP: 42/56 MP: 10/10
  6821 | D:8      | Found a stormy altar of Qazlal.
  7049 | D:8      | Reached skill level 13 in Polearms
  7052 | D:8      | Reached *** piety under the Shining One
  7171 | D:8      | Found a sacrificial altar of Ru.
  7350 | D:9      | Noticed nago's ghost (novice TrAM)
  7949 | D:9      | Found a deep blue altar of Sif Muna.
  8385 | D:9      | Killed nago's ghost
  8385 | D:9      | Reached **** piety under the Shining One
  8385 | D:9      | Reached skill level 14 in Polearms
  8462 | D:10     | Entered Level 10 of the Dungeon
  8473 | D:10     | Reached XP level 11. HP: 60/60 MP: 11/11
  8777 | D:10     | Noticed Erica
  8786 | D:10     | Killed Erica
  8941 | D:10     | Noticed a hill giant
  8956 | D:10     | Killed a hill giant
  8956 | D:10     | Reached skill level 5 in Armour
  9019 | D:10     | Reached skill level 5 in Fighting
  9019 | D:10     | Reached skill level 5 in Shields
  9565 | D:11     | Found a staircase to the Lair.
  9663 | D:11     | Noticed a manticore
  9676 | D:11     | Killed a manticore
  9676 | D:11     | Killed from afar by an orc priest

Vault maps used:
D:1:      minmay_arrival_cross, serial_co_window_serial,
          co_window_of_opportunity_a, co_window_paths_a, co_window_corner_a,
          co_window_paths_a, co_window_corner_a, co_window_paths_c,
          co_window_paths_c, co_window_of_opportunity_b, co_window_broadway_c,
          co_window_corner_ca, co_window_paths_d, co_window_4corner_a,
          serial_park_tiny_2, serial_park_tiny_pond
D:2:      xom_redecorated, uniq_robin
D:3:      old_standard_altar, grunt_decor_arrowhead
D:4:      first_bread
D:5:      kennysheep_mini_moat, amethyst_overflow_temple_binary,
          nicolae_overflow_crystal_walls, wad_rectangle_vault, uniq_duvessa,
          uniq_pikel
D:6:      old_standard_altar, vehumet_statue, minmay_temple_entry_fiery,
          grunt_ministairs_9, uniq_crazy_yiuf_cottage, uniq_eustachio
D:7:      yredelemnul_forgotten_temple_becter
D:8:      nicolae_ru_great_annihilating_truth, nicolae_overflow_hidden_temple,
          grunt_livestock, corexii_corridor_pit,
          nicolae_qazlal_general_emergency
D:9:      lemuel_doored_altar
D:10:     uniq_erica
D:11:     lair_0_dummy, orc_0_dummy, nicolae_trove_entry_diagonal,
          gammafunk_pakellas_statue_experiment
Temple:   temple_eino_lava_8

Skill      XL: |  1  2  3  4  5  6  7  8  9 10 11 |
---------------+----------------------------------+-----
Polearms       | 2 3 4 5 6 9 10 12 14 | 14.2
Shields        | 5 |  5.8
Fighting       | 5 |  5.8
Armour         | 5 |  5.9

Action                   |  1- 3 |  4- 6 |  7- 9 | 10-12 || total
-------------------------+-------+-------+-------+-------++-------
Melee: Trident           |   126 |   260 |   601 |   503 ||  1490
Evoke: Wand              |       |       |     1 |     3 ||     4
  Use: Potion            |     1 |       |     3 |     2 ||     6
 Stab: Paralysed         |       |       |       |     2 ||     2
       Distracted        |       |       |       |     1 ||     1
  Eat: Chunk             |       |     6 |     8 |     3 ||    17
       Beef jerky        |       |       |     3 |     3 ||     6
       Pizza             |       |       |     1 |     2 ||     3
Armor: Scale mail        |    71 |   117 |   254 |   144 ||   586
Dodge: Dodged            |    36 |    73 |   139 |    78 ||   326
Block: Shield            |    56 |   112 |   241 |   159 ||   568
